cohdb
Replays
Latest Replays
All Replays
Popular Replays
Top Player Replays
Match Explorer
How It Works
Community
CoH3 Stats
Reddit
Sign in to upload your games and track your stats! →
Sign in with Steam
Match 43728971
Unlisted
Match 43728971
Overview
Messages
Build Orders
End
Construct Barracks
Scout Squad
Riflemen Squad
Riflemen Squad
Grenade Package
Mechanized Support Center
Construct Motor Pool
Selects Heavy Weapons
Selects Assault Carriers
M1 Anti-tank Gun Team
M16 Multiple Gun Motor Carriage
M1 Anti-tank Gun Team
Construct Medical Station
Selects M2HB .50cal Heavy Machine Gun
Engineer Squad
Riflemen Squad
Selects Rapid Reposition
Construct Tank Depot
Selects Halftrack Strongpoints
Selects Exchangeable Parts
Selects Bolstered Team Weapons
Riflemen Squad
GzINOD
famoswisemen
Kurwa Jeżyk
Papa Shango
Husar
Bogue
0
0
Comments
sign in to comment!
No comments posted yet!